 Dungeon Crawl Stone Soup version 0.29-a0-1016-g236c7fd91e (webtiles) character file.

Game seed: 1987767442259088769

450 Tocho the Cleaver (level 6, -4/51 HPs)
             Began as a Minotaur Fighter on Aug 9, 2022.
             Was an Initiate of Okawaru.
             Slain by an orc
             ... wielding a +0 trident
              (7 damage)
             ... on level 4 of the Dungeon.
             The game lasted 00:05:38 (4181 turns).

Tocho the Cleaver (Minotaur Fighter)                Turns: 4181, Time: 00:05:38

Health: -4/51      AC: 15    Str: 20    XL:     6   Next: 74%
Magic:  5/5        EV:  9    Int:  5    God:    Okawaru [......]
Gold:   297        SH:  0    Dex: 10    Spells: 5/5 levels left

rFire   . . .      SeeInvis .   a - +0 war axe
rCold   . . .      Faith    .   (no shield)
rNeg    . . .      Spirit   .   u - +3 scale mail of Ru's Grace {Will+ rCorr Dex-2}
rPois   .          Reflect  .   (helmet restricted)
rElec   .          Harm     .   (no cloak)
rCorr   +          Rampage  .   (no gloves)
Will    +....                   (no boots)
Stlth   ..........              (no amulet)
HPRegen 0.17/turn               (no ring)
MPRegen 0.09/turn               (no ring)

@: silenced, flying
A: horns 2, retaliatory headbutt, iridescent scales 3
a: Renounce Religion


You were on level 4 of the Dungeon.
You worshipped Okawaru.
Okawaru was noncommittal.
You visited 2 branches of the dungeon, and saw 5 of its levels.

You collected 297 gold pieces.

Inventory:

Hand Weapons
 a - a +0 war axe (weapon)
Missiles
 k - 5 poisoned darts (quivered)
Armour
 b - a +0 scale mail
 c - a +0 buckler
 u - the +3 scale mail of Ru's Grace (worn) {Will+ rCorr Dex-2}
   (You found it on level 4 of the Dungeon)

   Dex:       It affects your dexterity (-2).
   rCorr:     It protects you from acid and corrosion.
   Will:      It increases your willpower.
Scrolls
 f - 5 scrolls of identify
 h - a scroll of immolation {unknown}
 i - a scroll of amnesia {unknown}
 j - a scroll of poison {unknown}
 m - a scroll of silence
 s - 3 scrolls of fog
 t - 2 scrolls of fear {unknown}
Potions
 d - a potion of might
 e - a potion of mutation
 g - a potion of flight
 l - 2 potions of resistance {unknown}
 n - a potion of attraction {unknown}
 o - a potion of invisibility {unknown}
 p - a potion of ambrosia {unknown}
 q - a potion of degeneration {unknown}
 r - a potion of brilliance {unknown}


   Skills:
 - Level 3.6 Fighting
 * Level 8.8 Axes
 - Level 3.6 Armour
 - Level 3.6 Shields


You had 5 spell levels left.
You didn't know any spells.
Your spell library contained the following spells:

 Spells                   Type           Power      Damage    Failure   Level
 Gell's Gravitas          Tloc           0%         N/A       99%         3
 Lesser Beckoning         Tloc           0%         N/A       99%         3
 Stone Arrow              Conj/Erth      0%         3d7       99%         3
 Teleport Other           Tloc           0%         N/A       99%         3
 Lehudib's Crystal Spear  Conj/Erth      0%         10d2      100%        8
 Summon Small Mammal      Summ           Unusable   N/A       N/A         1
 Call Canine Familiar     Summ           Unusable   N/A       N/A         3
 Summon Guardian Golem    Hex/Summ       Unusable   N/A       N/A         3
 Animate Armour           Summ/Erth      Unusable   N/A       N/A         4

Dungeon Overview and Level Annotations

Branches:
Dungeon (4/15)             Temple (1/1) D:4

Altars:
Ashenzari
Elyvilon
Fedhas
Kikubaaqudgha
Makhleb
Nemelex Xobeh
Okawaru
Qazlal
Ru
Sif Muna
Trog
Uskayaw
Vehumet
Yredelemnul
Zin
The Shining One

Annotations:
D:4 Grinder


Innate Abilities, Weirdness & Mutations

You have a pair of horns on your head.
You reflexively headbutt those who attack you in melee.
You are completely covered in iridescent scales. (AC +6)


Message History

You miss something. Something hits you.
The orc hits you from afar with a +0 trident.
Something hits you. The orc closely misses you.
You hit something. Your headbutt misses something. Something hits you.
The orc hits you but does no damage.
Found 6 gold pieces and 4 stones.
The orc priest invokes the aid of Beogh against you.
Beogh smites you!
* * * LOW HITPOINT WARNING * * *
Something hits you.
* * * LOW HITPOINT WARNING * * *
A magic dart appears from out of thin air!
The magic dart hits you.
* * * LOW HITPOINT WARNING * * *
As you read the scroll labelled VESING KATERGHAPUGE, it crumbles to dust.
It is a scroll of identify.
s - 4 scrolls of fog The orc hits you but does no damage.
As you read the scroll of fog, it crumbles to dust.
The scroll dissolves into smoke.
Something hits you but does no damage.
The orc hits you from afar with a +0 trident.
* * * LOW HITPOINT WARNING * * *
As you read the scroll labelled FUMUZE BEOJIAPEAR, it crumbles to dust.
A profound silence engulfs you.
It was a scroll of silence.
The orc hits you but does no damage.
Magic scrolls do not work when you're silenced!
It was a potion of mutation.
You feel extremely strange.
Iridescent scales grow over part of your body.
Iridescent scales spread over more of your body.
Iridescent scales cover your body completely.
Something hits you but does no damage. The orc priest barely misses you.
You furiously retaliate!
You headbutt the orc priest.
The orc hits you from afar with a +0 trident.
* * * LOW HITPOINT WARNING * * *
It was a potion of flight.
You feel very buoyant.
You fly up into the air.
Something hits you but does no damage. The orc priest barely misses you.
The orc hits you from afar with a +0 trident!
You die...

#≈≈≈≈#.#≈≈≈≈#....##.##.
#≈≈≈≈#.#≈≈≈≈#....##.##.
######.######...÷##.##.
#.###.[....>......
#...........##.##.
#########...##.##.
#§.§....#...##....
#§§.♣...######....
#@{≈(≈..# #....
#o♣.≈.♣.# #....
#5o≈$≈..# #....
#...♣...# #....
#.......# #....
####'#### #....
#.#########....
#....)o)....##<
###########.###


You could see Grinder (unsilenced), an orc priest and an orc.

Vanquished Creatures
  A black bear (D:4)
  An ogre (D:4)
  A phantom (D:4)
  A scorpion (D:4)
  Natasha (D:2)
  2 adders
  An ufetubus (D:3)
  A worm (D:2)
  2 dart slugs (D:2)
  4 orcs
  8 ball pythons
  11 bats
  4 endoplasms
  2 giant cockroaches
  17 hobgoblins
  2 kobolds
  2 quokkas (D:3)
  3 frilled lizards
  8 goblins
  5 rats
77 creatures vanquished.

Notes
Turn   | Place    | Note
-------+----------+-------------------------------------------
     0 | D:1      | Tocho the Minotaur Fighter began the quest for the Orb.
     0 | D:1      | Reached XP level 1. HP: 19/19 MP: 0/0
    66 | D:1      | Reached skill level 3 in Axes
   129 | D:1      | Reached XP level 2. HP: 26/26 MP: 1/1
   456 | D:1      | Reached skill level 4 in Axes
   677 | D:1      | Reached XP level 3. HP: 31/31 MP: 2/2
   682 | D:1      | Found a faded altar of an unknown god.
  1606 | D:2      | Reached skill level 5 in Axes
  1625 | D:2      | Noticed Natasha
  1630 | D:2      | Killed Natasha
  1631 | D:2      | Reached XP level 4. HP: 32/39 MP: 3/3
  2414 | D:3      | Reached skill level 6 in Axes
  3119 | D:4      | Noticed a phantom
  3125 | D:4      | Killed a phantom
  3126 | D:4      | Reached skill level 7 in Axes
  3126 | D:4      | Reached XP level 5. HP: 42/45 MP: 4/4
  3304 | D:4      | Reached XP level 6. HP: 32/51 MP: 5/5
  3460 | D:4      | Reached skill level 8 in Axes
  3608 | D:4      | Identified the +3 scale mail of Ru's Grace {Will+ rCorr
                  | Dex-2}
  3680 | D:4      | Found a staircase to the Ecumenical Temple.
  3737 | Temple   | Entered the Ecumenical Temple
  4035 | Temple   | Became a worshipper of Warmaster Okawaru
  4141 | D:4      | Noticed Grinder
  4180 | D:4      | Gained mutation: You are partially covered in iridescent
                  | scales. (AC +2) [potion of mutation]
  4180 | D:4      | Gained mutation: You are mostly covered in iridescent
                  | scales. (AC +4) [potion of mutation]
  4180 | D:4      | Gained mutation: You are completely covered in iridescent
                  | scales. (AC +6) [potion of mutation]
  4181 | D:4      | Slain by an orc

Illustrated notes

Levels and vault maps discovered:
D:1:      shiori_shiawase, layout_loops_corners,
          ebering_ecumenical_altar_abandoned, minmay_3d_cube
D:2:      minmay_door_path, layout_basic, uniq_natasha
D:3:      layout_loops_corners, eino_tiny_chamber, nrook_uturn
D:4:      layout_basic, minmay_temple_entry_poolview, kennysheep_path_1,
          minmay_strange_pillars, kennysheep_generic_room_10, uniq_grinder
Temple:   minmay_temple_bridge_d

Skill      XL: |  1  2  3  4  5  6 |
---------------+-------------------+-----
Axes           | 3 4 5 7 8 |  8.8
Fighting       | |  3.6
Armour         | |  3.6
Shields        | |  3.6

Action                   |  1- 3 |  4- 6 || total
-------------------------+-------+-------++-------
Melee: War axe           |   109 |    64 ||   173
       Headbutt          |    13 |     5 ||    18
       Punch             |     1 |     2 ||     3
  Use: Scroll            |       |     3 ||     3
       Potion            |       |     2 ||     2
Armor: Scale mail        |    62 |    33 ||    95
Dodge: Dodged            |    54 |    44 ||    98

Table legend: (Time is in decaauts)
 A = Elapsed time spent in this place.
 B = Non-inter-level travel time spent in this place.
 C = Inter-level travel time spent in this place.
 D = Time resting spent in this place.
 E = Time spent auto-exploring this place.
 F = Levels seen in this place.
 G = Mean time per level.
                   A        B        C        D        E       F      G
               +--------+--------+--------+--------+--------+-----+--------+
         Total |   4224 |   3878 |    346 |      0 |   3354 |   5 |  844.8 |
       Dungeon |   3854 |   3651 |    203 |      0 |   3140 |   4 |  963.5 |
        Temple |    369 |    226 |    143 |      0 |    214 |   1 |  369.0 |
               +--------+--------+--------+--------+--------+-----+--------+

Top non-repeatable levels by time:
     D:1: 1103 daAuts
     D:2: 1014 daAuts
     D:3: 1007 daAuts
     D:4: 728 daAuts
  Temple: 369 daAuts
